 Dungeon Crawl Stone Soup version 0.25-a0-578-gc91f01c (webtiles) character file.

Game seed: 3939060482930361422, levelgen mode: deterministic

68 15 the Chiller (level 4, 0/32 HPs)
             Began as a Barachi Ice Elementalist on Mar 3, 2020.
             Succumbed to a goblin's poison
             ... on level 2 of the Dungeon.
             The game lasted 00:04:12 (1042 turns).

15 the Chiller (Barachi Ice Elementalist)           Turns: 1042, Time: 00:04:13

Health: 0/32       AC:  2    Str: 10    XL:     4   Next: 19%
Magic:  5/8        EV: 12    Int: 15    God:
Gold:   58         SH:  0    Dex: 13    Spells: 4/8 levels left

rFire    . . .     SeeInvis .   e - +0 dagger
rCold    . . .     Gourm    .   (no shield)
rNeg     . . .     Faith    .   a - +0 robe
rPois    .         Spirit   .   (no helmet)
rElec    .         Reflect  .   (no cloak)
rCorr    .         Harm     .   (no gloves)
MR       .....                  (no boots)
Stlth    ++........             (no amulet)
HPRegen  0.10/turn              (no ring)
MPRegen  0.11/turn              (no ring)

@: lethally poisoned (0 -> -22), stab, slow
A: +LOS, swims, slowness 1, strong legs 1
a: Hop


You were on level 2 of the Dungeon.
You were not hungry.

You visited 1 branch of the dungeon, and saw 2 of its levels.

You collected 58 gold pieces.

Inventory:

Hand Weapons
 e - a +0 dagger (weapon)
Armour
 a - a +0 robe (worn)
Scrolls
 b - 4 scrolls of remove curse {unknown}
 d - a scroll of magic mapping {unknown}
 f - a scroll of teleportation {unknown}
Comestibles
 c - 2 rations
 g - 14 chunks of flesh


   Skills:
 * Level 1.0 Fighting
 * Level 1.1 Armour
 + Level 2.2 Dodging
 + Level 1.9 Stealth
 * Level 2.8 Spellcasting
 * Level 6.0 Ice Magic


You had 4 spell levels left.
You knew the following spells:

 Your Spells              Type           Power        Failure   Level  Hunger
a - Freeze                Ice            ###.         1%          1    #......
b - Frozen Ramparts       Ice            ###...       5%          3    ###....

Your spell library contained the following spells:

 Spells                   Type           Power        Failure   Level  Hunger
 Ozocubu's Armour         Chrm/Ice       ##......     19%         3    ###....
 Hailstorm                Conj/Ice       ##......     52%         4    #####..
 Summon Ice Beast         Ice/Summ       ##......     52%         4    #####..


Dungeon Overview and Level Annotations

Branches:
Dungeon (2/15)

Altars:


Innate Abilities, Weirdness & Mutations

You can be seen from farther away. (+LOS)
You can swim through water.
You cover ground slowly.
You can hop short distances.


Message History

Unknown command.
You feel sick. The jackal bites you.
The goblin throws a poisoned dart.
The poisoned dart hits you!
You are more poisoned.
The jackal bites you.
You see here 2 poisoned darts.
You closely miss the goblin.
You feel sick. The jackal bites you. The jackal closely misses you.
The jackal bites you.
* * * LOW HITPOINT WARNING * * *
The jackal closely misses you.
Unknown command.
You closely miss the goblin.
* * * LOW HITPOINT WARNING * * *
You feel sick. The goblin hits you but does no damage. The jackal misses you.
The jackal bites you but does no damage. x2
* * * LOW HITPOINT WARNING * * *
You feel sick. The jackal misses you. The jackal closely misses you.
The jackal bites you.
* * * LOW HITPOINT WARNING * * *
You die...

#. ....... #.
#.....#####.
###.##...........
#?..............
...............
............. #.
#g....# #.
#.##hh...#.....
#.@.hh(.g....# #.
#####g###...#..
#. #.# ..... #..
#.# g#.
#..#####.# .
#.......(#
#........#
#......†)###
#......#)).#


You could see 4 jackals, a hobgoblin and a goblin.

Vanquished Creatures
  Robin (D:2)
  An adder (D:2)
  An ooze (D:1)
  3 leopard geckos
  3 giant cockroaches (D:1)
  11 goblins
  6 hobgoblins
  2 ball pythons (D:1)
  A bat (D:1)
  2 frilled lizards (D:1)
  4 kobolds
  5 rats
40 creatures vanquished.

Notes
Turn   | Place    | Note
-------+----------+-------------------------------------------
     0 | D:1      | 15 the Barachi Ice Elementalist began the quest for the
                  | Orb.
     0 | D:1      | Reached XP level 1. HP: 13/13 MP: 3/3
   168 | D:1      | Reached skill level 5 in Ice Magic
   187 | D:1      | Reached XP level 2. HP: 20/20 MP: 0/5
   614 | D:1      | Reached XP level 3. HP: 23/25 MP: 3/6
   811 | D:1      | Learned a level 3 spell: Frozen Ramparts
   839 | D:2      | Reached skill level 1 in Armour
   847 | D:2      | Noticed Robin
   996 | D:2      | Killed Robin
   996 | D:2      | Reached XP level 4. HP: 26/31 MP: 0/8
   998 | D:2      | Reached skill level 1 in Fighting
   999 | D:2      | Reached skill level 6 in Ice Magic
  1041 | D:2      | HP: 1/32 [jackal (3)]
  1042 | D:2      | Succumbed to a goblin's poison

Levels and vault maps discovered:
D:1:      lightli_arrival_statuegarden, layout_basic, hex_intersection
D:2:      layout_basic, led_sif_pool, serial_curves, eino_curves_01,
          eino_curves_03, hangedman_abyss_or_decor_lesser_grid, uniq_terence,
          uniq_robin

Skill      XL: |  1  2  3  4 |
---------------+-------------+-----
Ice Magic      | 5 6 |  6.0
Armour         | 1 |  1.1
Fighting       | 1 |  1.0
Dodging        | |  2.2
Stealth        | |  1.9
Spellcasting   | |  2.8

Action                   |  1- 3 |  4- 6 || total
-------------------------+-------+-------++-------
Melee: Unarmed           |     6 |       ||     6
       Dagger            |    58 |     5 ||    63
 Cast: Freeze            |    27 |       ||    27
       Frozen Ramparts   |     3 |       ||     3
  Use: Potion            |       |     1 ||     1
  Eat: Chunk             |     1 |     1 ||     2
Armor: Robe              |    29 |     3 ||    32
Dodge: Dodged            |    65 |    11 ||    76

Table legend:
 A = Non-vault XP
 B = Vault XP
 C = Vault XP percentage of total XP
 D = Non-vault monster count
 E = Vault monster count
 F = Vault count percentage of total count
                 A         B        C        D         E       F
            +---------+---------+-------+---------+---------+-------
      Total |      68 |      30 |  30.6 |      31 |       9 |  22.5
            +---------+---------+-------+---------+---------+-------
        D:1 |      42 |       0 |   0.0 |      22 |       0 |   0.0
        D:2 |      26 |      30 |  53.6 |       9 |       9 |  50.0
            +---------+---------+-------+---------+---------+-------
